Senators vs Flames

Created - February 25 2011 at 17:50

Goals
1 2 3 T
Senators 2 2 3 7
Flames 0 1 1 2
Shots
1 2 3 T
Senators 7 12 10 29
Flames 12 11 10 33

Period #1

1. Senators , Thomas Vanek 16 (Sidney Crosby, Filip Kuba) at 0:28
2. Senators , Dion Phaneuf 21 (Sidney Crosby, Thomas Vanek) at 14:30

Penalties :
Jaroslav Spacek (OTT) for Hooking (Minor) at 1:26, Karlis Skrastins (OTT) for High sticking (Minor) at 7:33

Period #2

3. Flames , Alex Steen 19 (Zach Bogosian) at 5:33
4. Senators , Jason Spezza 28 (Guillaume Latendresse, Alexandre Burrows) at 6:50
5. Senators , Alexandre Burrows 27 (Thomas Vanek, Sidney Crosby) at 15:45 (PP)

Penalties :
Keith Tkachuk (CGY) for Holding (Minor) at 1:55, Rostislav Olesz (CGY) for Diving (Minor) at 13:31, Sidney Crosby (OTT) for Hooking (Minor) at 13:31, Alex Steen (CGY) for Tripping (Minor) at 15:09, Alexandre Burrows (OTT) for Goalie Interference (Minor) at 18:39

Period #3

6. Senators , Dion Phaneuf 22 (Sidney Crosby, Filip Kuba) at 10:12
7. Senators , Chris Stewart 31 (Dion Phaneuf, Sidney Crosby) at 13:31
8. Flames , Keith Tkachuk 9 (Marco Sturm, John Tavares) at 18:30
9. Senators , Sidney Crosby 36 (Filip Kuba) at 18:55

Penalties :
Mike Fisher (CGY) for Roughing (Minor) at 3:53, Jay Bouwmeester (OTT) for Holding (Minor) at 3:53, Jack Johnson (CGY) for Hooking (Minor) at 6:50

Goalie Stats

Carey Price (OTT), 31 saves from 33 shots - (0.939), W, 14-5-0, 60:00 minutes
Miikka Kiprusoff (CGY), 16 saves from 20 shots - (0.800), L, 21-22-3, 36:50 minutes
Rick Dipietro (CGY), 6 saves from 9 shots - (0.667), 23:10 minutes

Players Stats

Senators
Player Name              G  A  P  +/- PIM S  H  SB FO    MP 
------------------------------------------------------------
Alexandre Burrows        1  1  2   0  2   5  3  0  0/1   18 
Chris Stewart            1  0  1   5  0   4  1  0  0/0   18 
Daniel Briere            0  0  0  -1  0   1  1  1  1/2   16 
David Jones              0  0  0  -1  0   0  0  0  2/3   15 
David Steckel            0  0  0   0  0   0  0  0  7/15  9  
Dion Phaneuf             2  1  3   5  0   2  1  4  0/0   19 
Filip Kuba               0  3  3   5  0   4  0  3  0/0   21 
Guillaume Latendresse    0  1  1   0  0   1  0  0  0/0   14 
Jaroslav Spacek          0  0  0   0  2   2  5  1  0/0   21 
Jason Spezza             1  0  1   0  0   3  0  0  15/24 17 
Jay Bouwmeester          0  0  0   0  2   1  1  0  0/0   20 
Jordan Staal             0  0  0  -1  0   0  2  0  14/24 16 
Karlis Skrastins         0  0  0  -1  2   0  1  2  0/0   17 
Patrick Dwyer            0  0  0   0  0   0  1  0  0/1   6  
Patrick Eaves            0  0  0   0  0   0  0  1  0/1   9  
Paul Mara                0  0  0  -1  0   0  4  0  0/0   20 
Sidney Crosby            1  5  6   5  2   3  1  0  19/24 18 
Thomas Vanek             1  2  3   5  0   3  0  0  1/2   17 
Flames
Player Name              G  A  P  +/- PIM S  H  SB FO    MP 
------------------------------------------------------------
Alex Steen               1  0  1  -2  2   5  1  0  2/3   20 
Dan Boyle                0  0  0  -1  0   2  0  0  0/0   6  
Erik Johnson             0  0  0   1  0   2  0  1  0/0   21 
Jack Johnson             0  0  0   0  2   3  1  1  0/0   23 
Joffrey Lupul            0  0  0  -2  0   1  0  1  0/2   18 
John Tavares             0  1  1   1  0   1  0  0  9/24  18 
Josh Gorges              0  0  0  -3  0   0  0  1  0/0   21 
Keith Tkachuk            1  0  1   1  2   2  2  0  0/0   12 
Marco Sturm              0  1  1   1  0   1  0  0  0/0   17 
Mark Streit              0  0  0  -1  0   2  1  2  0/0   23 
Matt Cullen              0  0  0  -4  0   2  1  1  5/16  13 
Mike Fisher              0  0  0  -2  2   4  5  0  13/32 19 
Pierre-Marc Bouchard     0  0  0  -3  0   1  0  0  0/3   12 
Rob Schremp              0  0  0   0  0   3  0  0  0/0   14 
Rostislav Olesz          0  0  0   0  2   2  4  0  0/1   15 
Ryan Potulny             0  0  0   0  0   1  1  0  9/15  14 
Sam Gagner               0  0  0  -3  0   1  0  0  0/1   8  
Zach Bogosian            0  1  1  -3  0   0  0  5  0/0   20 

3 Stars

1 - Sidney Crosby (OTT)
2 - Dion Phaneuf (OTT)
3 - Thomas Vanek (OTT)

Power Play

Senators - 1 on 3 Attempt(s) - 33.33%
Flames - 0 on 3 Attempt(s) - 0.00%

Penalty Kill

Senators - 3 on 3 Attempt(s) - 100.00% - Score 0 goal in Penalty Kill
Flames - 2 on 3 Attempt(s) - 66.67% - Score 0 goal in Penalty Kill

Game Notes

Dan Boyle is injured at 14:13 of 1st period (Bruised Left Leg)
Rick Dipietro enters game at 15:45 of 2nd period
Miikka Kiprusoff enters game at 18:55 of 3rd period

Finance

Level 1 -- Attendance: 6500 (100.00%) -- Ticket Income $487,500.00
Level 2 -- Attendance: 5000 (100.00%) -- Ticket Income $250,000.00
Level 3 -- Attendance: 3283 (93.80%) -- Ticket Income $98,490.00
Level 4 -- Attendance: 2562 (77.90%) -- Ticket Income $46,116.00
Luxury Box -- Attendance: 1000 (100.00%) -- Ticket Income $150,000.00
Game was played at the ScotiaBank Saddledome
Total Attendance: 18345 (95.11%)
Total Ticket Income: $1,051,303.00
Other Income: $177,917.10
Total Income: $1,229,220.00


Play by Play

Period #1

0:01 of 1st period - Sidney Crosby wins face-off versus Mike Fisher in neutral zone.
0:24 of 1st period - Shot by Chris Stewart.
0:24 of 1st period - Shot Misses the Net.
0:26 of 1st period - Shot by Filip Kuba.
0:26 of 1st period - Deflect By Sidney Crosby.
0:26 of 1st period - Shot Misses the Net.
0:28 of 1st period - Shot by Thomas Vanek.
0:28 of 1st period - Goal by Thomas Vanek - Senators : 1 - Flames : 0.
0:29 of 1st period - John Tavares wins face-off versus Jason Spezza in neutral zone.
0:31 of 1st period - Off-side.
0:32 of 1st period - John Tavares wins face-off versus Alexandre Burrows in neutral zone.
1:04 of 1st period - John Tavares is hit by Alexandre Burrows and loses puck.
1:26 of 1st period - Minor Penalty to Jaroslav Spacek for Hooking.
1:27 of 1st period - Jordan Staal wins face-off versus John Tavares in Senators zone.
1:40 of 1st period - Shot by Dan Boyle.
1:40 of 1st period - Shot Blocked by Karlis Skrastins.
1:42 of 1st period - Shot by John Tavares.
1:42 of 1st period - Shot Blocked by Karlis Skrastins.
1:44 of 1st period - Shot by Dan Boyle.
1:44 of 1st period - Stopped by Carey Price without a rebound.
1:45 of 1st period - Mike Fisher wins face-off versus David Steckel in Senators zone.
2:03 of 1st period - Icing by Mike Fisher.
2:04 of 1st period - Jordan Staal wins face-off versus Mike Fisher in Flames zone.
2:30 of 1st period - Icing by Jack Johnson.
2:31 of 1st period - Mike Fisher wins face-off versus Patrick Eaves in Flames zone.
2:57 of 1st period - Shot by Mark Streit.
2:57 of 1st period - Shot Misses the Net.
3:01 of 1st period - Shot by Mark Streit.
3:01 of 1st period - Stopped by Carey Price without a rebound.
3:02 of 1st period - John Tavares wins face-off versus David Steckel in Senators zone.
3:07 of 1st period - Shot by Dan Boyle.
3:07 of 1st period - Stopped by Carey Price without a rebound.
3:08 of 1st period - John Tavares wins face-off versus Jordan Staal in Senators zone.
3:13 of 1st period - Shot by Alex Steen.
3:13 of 1st period - Shot Misses the Net.
3:34 of 1st period - Shot by Guillaume Latendresse.
3:34 of 1st period - Shot Misses the Net.
3:52 of 1st period - Shot by Pierre-Marc Bouchard.
3:52 of 1st period - Stopped by Carey Price with a rebound.
5:52 of 1st period - Erik Johnson is hit by Chris Stewart and loses puck.
5:56 of 1st period - Icing by Keith Tkachuk.
5:57 of 1st period - Jordan Staal wins face-off versus John Tavares in Flames zone.
6:01 of 1st period - Icing by Erik Johnson.
6:02 of 1st period - Jordan Staal wins face-off versus John Tavares in Flames zone.
6:03 of 1st period - Shot by Daniel Briere.
6:03 of 1st period - Shot Misses the Net.
6:29 of 1st period - Off-side.
6:30 of 1st period - David Steckel wins face-off versus Matt Cullen in neutral zone.
6:32 of 1st period - Off-side.
6:33 of 1st period - David Steckel wins face-off versus Joffrey Lupul in neutral zone.
6:38 of 1st period - Shot by Patrick Dwyer.
6:38 of 1st period - Shot Misses the Net.
6:54 of 1st period - Shot by Alex Steen.
6:54 of 1st period - Shot Blocked by Patrick Eaves.
6:56 of 1st period - Shot by Mike Fisher.
6:56 of 1st period - Stopped by Carey Price without a rebound.
6:57 of 1st period - Jordan Staal wins face-off versus Matt Cullen in Senators zone.
7:19 of 1st period - Shot by Matt Cullen.
7:19 of 1st period - Stopped by Carey Price with a rebound.
7:33 of 1st period - Minor Penalty to Karlis Skrastins for High sticking.
7:34 of 1st period - David Steckel wins face-off versus Alex Steen in Senators zone.
7:51 of 1st period - Shot by Mark Streit.
7:51 of 1st period - Stopped by Carey Price without a rebound.
7:52 of 1st period - David Steckel wins face-off versus Mike Fisher in Senators zone.
8:58 of 1st period - Icing by Mark Streit.
8:59 of 1st period - Sidney Crosby wins face-off versus John Tavares in Flames zone.
9:05 of 1st period - Icing by Mark Streit.
9:06 of 1st period - John Tavares wins face-off versus Jordan Staal in Flames zone.
9:33 of 1st period - Shot by Pierre-Marc Bouchard.
9:33 of 1st period - Deflect By Rob Schremp.
9:33 of 1st period - Stopped by Carey Price without a rebound.
9:34 of 1st period - Sidney Crosby wins face-off versus Ryan Potulny in Senators zone.
9:34 of 1st period - Thomas Vanek is hit by Rostislav Olesz and loses puck.
9:53 of 1st period - Shot by Chris Stewart.
9:53 of 1st period - Stopped by Miikka Kiprusoff without a rebound.
9:54 of 1st period - Matt Cullen wins face-off versus Jason Spezza in Flames zone.
10:10 of 1st period - Icing by Zach Bogosian.
10:11 of 1st period - David Jones wins face-off versus Matt Cullen in Flames zone.
11:16 of 1st period - Shot by Alexandre Burrows.
11:16 of 1st period - Stopped by Miikka Kiprusoff without a rebound.
11:17 of 1st period - Mike Fisher wins face-off versus Sidney Crosby in Flames zone.
11:24 of 1st period - Shot by Joffrey Lupul.
11:24 of 1st period - Deflect By Mike Fisher.
11:24 of 1st period - Shot Blocked by Filip Kuba.
11:34 of 1st period - Shot by Sidney Crosby.
11:34 of 1st period - Deflect By Thomas Vanek.
11:34 of 1st period - Stopped by Miikka Kiprusoff without a rebound.
11:35 of 1st period - Ryan Potulny wins face-off versus Patrick Dwyer in Flames zone.
11:35 of 1st period - Ryan Potulny is hit by Patrick Dwyer.
11:48 of 1st period - Icing by Patrick Dwyer.
11:49 of 1st period - Mike Fisher wins face-off versus David Steckel in Senators zone.
11:52 of 1st period - Shot by Alex Steen.
11:52 of 1st period - Stopped by Carey Price without a rebound.
11:53 of 1st period - Sidney Crosby wins face-off versus Mike Fisher in Senators zone.
12:09 of 1st period - Icing by Dan Boyle.
12:10 of 1st period - Mike Fisher wins face-off versus Jason Spezza in Flames zone.
12:14 of 1st period - Mark Streit is hit by Jaroslav Spacek and loses puck.
12:17 of 1st period - Shot by Alex Steen.
12:17 of 1st period - Shot Misses the Net.
12:21 of 1st period - Shot by Mike Fisher.
12:21 of 1st period - Stopped by Carey Price without a rebound.
12:22 of 1st period - Jordan Staal wins face-off versus John Tavares in Senators zone.
12:22 of 1st period - Jordan Staal is hit by Keith Tkachuk.
12:38 of 1st period - Jack Johnson is hit by Paul Mara and loses puck.
13:40 of 1st period - Shot by Matt Cullen.
13:40 of 1st period - Stopped by Carey Price without a rebound.
13:41 of 1st period - Alex Steen wins face-off versus Jason Spezza in Senators zone.
13:45 of 1st period - Joffrey Lupul is hit by Jaroslav Spacek and loses puck.
14:12 of 1st period - Dan Boyle is hit by Alexandre Burrows and loses puck.
14:13 of 1st period - Dan Boyle from Flames is injured at 14:13 of 1st period (Bruised Left Leg).
14:14 of 1st period - Matt Cullen wins face-off versus Sidney Crosby in neutral zone.
14:30 of 1st period - Shot by Dion Phaneuf.
14:30 of 1st period - Goal by Dion Phaneuf - Senators : 2 - Flames : 0.
14:31 of 1st period - Ryan Potulny wins face-off versus David Steckel in neutral zone.
14:55 of 1st period - Icing by Jaroslav Spacek.
14:56 of 1st period - David Steckel wins face-off versus Matt Cullen in Senators zone.
15:24 of 1st period - Icing by Matt Cullen.
15:25 of 1st period - Sidney Crosby wins face-off versus Pierre-Marc Bouchard in Flames zone.
16:00 of 1st period - Shot by Sidney Crosby.
16:00 of 1st period - Stopped by Miikka Kiprusoff with a rebound.
16:06 of 1st period - Shot by John Tavares.
16:06 of 1st period - Stopped by Carey Price with a rebound.
16:13 of 1st period - Off-side.
16:14 of 1st period - Jason Spezza wins face-off versus Mike Fisher in neutral zone.
17:43 of 1st period - Shot by Daniel Briere.
17:43 of 1st period - Stopped by Miikka Kiprusoff without a rebound.
17:44 of 1st period - Sidney Crosby wins face-off versus John Tavares in Flames zone.
18:32 of 1st period - Icing by Mike Fisher.
18:33 of 1st period - Jordan Staal wins face-off versus Mike Fisher in Flames zone.
18:39 of 1st period - Icing by Josh Gorges.
18:40 of 1st period - Jason Spezza wins face-off versus Mike Fisher in Flames zone.
19:20 of 1st period - Icing by Matt Cullen.
19:21 of 1st period - Ryan Potulny wins face-off versus Jordan Staal in Flames zone.
19:34 of 1st period - Shot by Daniel Briere.
19:34 of 1st period - Shot Misses the Net.
19:36 of 1st period - Shot by Jordan Staal.
19:36 of 1st period - Shot Blocked by Zach Bogosian.
19:40 of 1st period - Shot by David Jones.
19:40 of 1st period - Shot Blocked by Zach Bogosian.
19:44 of 1st period - Shot by Jordan Staal.
19:44 of 1st period - Shot Misses the Net.
19:48 of 1st period - Shot by Jordan Staal.
19:48 of 1st period - Shot Blocked by Matt Cullen.
19:52 of 1st period - Shot by Jordan Staal.
19:52 of 1st period - Shot Misses the Net.
19:54 of 1st period - Shot by Jordan Staal.
19:54 of 1st period - Shot Misses the Net.
19:56 of 1st period - Shot by Jordan Staal.
19:56 of 1st period - Deflect By Daniel Briere.
19:56 of 1st period - Shot Misses the Net.

Period #2

0:01 of 2nd period - Sidney Crosby wins face-off versus Mike Fisher in neutral zone.
0:36 of 2nd period - Shot by Chris Stewart.
0:36 of 2nd period - Stopped by Miikka Kiprusoff with a rebound.
1:14 of 2nd period - Shot by Jason Spezza.
1:14 of 2nd period - Shot Misses the Net.
1:16 of 2nd period - Shot by Alexandre Burrows.
1:16 of 2nd period - Stopped by Miikka Kiprusoff without a rebound.
1:17 of 2nd period - Ryan Potulny wins face-off versus Jordan Staal in Flames zone.
1:21 of 2nd period - Zach Bogosian is hit by Paul Mara and loses puck.
1:24 of 2nd period - Shot by Ryan Potulny.
1:24 of 2nd period - Shot Misses the Net.
1:28 of 2nd period - Shot by Rob Schremp.
1:28 of 2nd period - Stopped by Carey Price without a rebound.
1:29 of 2nd period - John Tavares wins face-off versus David Steckel in Senators zone.
1:46 of 2nd period - Shot by Marco Sturm.
1:46 of 2nd period - Deflect By John Tavares.
1:46 of 2nd period - Shot Misses the Net.
1:55 of 2nd period - Minor Penalty to Keith Tkachuk for Holding.
1:56 of 2nd period - Sidney Crosby wins face-off versus Matt Cullen in Flames zone.
1:59 of 2nd period - Shot by Filip Kuba.
1:59 of 2nd period - Shot Misses the Net.
2:09 of 2nd period - Shot by Alexandre Burrows.
2:09 of 2nd period - Shot Misses the Net.
2:11 of 2nd period - Shot by Jay Bouwmeester.
2:11 of 2nd period - Stopped by Miikka Kiprusoff with a rebound.
2:13 of 2nd period - Shot by Filip Kuba.
2:13 of 2nd period - Stopped by Miikka Kiprusoff with a rebound.
2:15 of 2nd period - Shot by Filip Kuba.
2:15 of 2nd period - Stopped by Miikka Kiprusoff without a rebound.
2:16 of 2nd period - Jason Spezza wins face-off versus Mike Fisher in Flames zone.
2:33 of 2nd period - Shot by Jason Spezza.
2:33 of 2nd period - Shot Blocked by Mark Streit.
2:35 of 2nd period - Shot by Jaroslav Spacek.
2:35 of 2nd period - Stopped by Miikka Kiprusoff with a rebound.
2:37 of 2nd period - Shot by Jaroslav Spacek.
2:37 of 2nd period - Shot Misses the Net.
2:39 of 2nd period - Shot by Jason Spezza.
2:39 of 2nd period - Shot Misses the Net.
2:41 of 2nd period - Shot by Dion Phaneuf.
2:41 of 2nd period - Shot Misses the Net.
3:12 of 2nd period - Icing by Filip Kuba.
3:13 of 2nd period - Sidney Crosby wins face-off versus Matt Cullen in Senators zone.
3:13 of 2nd period - Sidney Crosby is hit by Rostislav Olesz.
3:23 of 2nd period - Shot by Sidney Crosby.
3:23 of 2nd period - Shot Blocked by Zach Bogosian.
3:25 of 2nd period - Shot by Filip Kuba.
3:25 of 2nd period - Stopped by Miikka Kiprusoff with a rebound.
3:55 of 2nd period - Shot by Alexandre Burrows.
3:55 of 2nd period - Shot Misses the Net.
4:11 of 2nd period - Shot by Alex Steen.
4:11 of 2nd period - Stopped by Carey Price with a rebound.
4:13 of 2nd period - Shot by Alex Steen.
4:13 of 2nd period - Stopped by Carey Price with a rebound.
4:15 of 2nd period - Shot by Alex Steen.
4:15 of 2nd period - Shot Misses the Net.
4:17 of 2nd period - Shot by Joffrey Lupul.
4:17 of 2nd period - Shot Misses the Net.
4:21 of 2nd period - Shot by Mike Fisher.
4:21 of 2nd period - Stopped by Carey Price without a rebound.
4:22 of 2nd period - David Steckel wins face-off versus Ryan Potulny in Senators zone.
4:33 of 2nd period - Shot by Patrick Eaves.
4:33 of 2nd period - Shot Misses the Net.
5:04 of 2nd period - Off-side.
5:05 of 2nd period - Mike Fisher wins face-off versus Jason Spezza in neutral zone.
5:33 of 2nd period - Shot by Alex Steen.
5:33 of 2nd period - Goal by Alex Steen - Senators : 2 - Flames : 1.
5:34 of 2nd period - John Tavares wins face-off versus Sidney Crosby in neutral zone.
5:50 of 2nd period - Shot by Marco Sturm.
5:50 of 2nd period - Shot Blocked by Filip Kuba.
6:32 of 2nd period - Matt Cullen is hit by Jordan Staal and loses puck.
6:42 of 2nd period - Icing by Josh Gorges.
6:43 of 2nd period - Jason Spezza wins face-off versus Matt Cullen in Flames zone.
6:44 of 2nd period - Shot by Jay Bouwmeester.
6:44 of 2nd period - Shot Blocked by Zach Bogosian.
6:46 of 2nd period - Shot by Alexandre Burrows.
6:46 of 2nd period - Shot Misses the Net.
6:48 of 2nd period - Shot by Guillaume Latendresse.
6:48 of 2nd period - Stopped by Miikka Kiprusoff with a rebound.
6:50 of 2nd period - Shot by Jason Spezza.
6:50 of 2nd period - Goal by Jason Spezza - Senators : 3 - Flames : 1.
6:51 of 2nd period - Jason Spezza wins face-off versus Ryan Potulny in neutral zone.
7:04 of 2nd period - Shot by Alexandre Burrows.
7:04 of 2nd period - Shot Misses the Net.
8:36 of 2nd period - Icing by Chris Stewart.
8:37 of 2nd period - Sidney Crosby wins face-off versus John Tavares in Senators zone.
8:44 of 2nd period - Shot by Chris Stewart.
8:44 of 2nd period - Shot Misses the Net.
8:46 of 2nd period - Shot by Filip Kuba.
8:46 of 2nd period - Shot Blocked by Erik Johnson.
8:48 of 2nd period - Shot by Sidney Crosby.
8:48 of 2nd period - Stopped by Miikka Kiprusoff without a rebound.
8:49 of 2nd period - Jason Spezza wins face-off versus Mike Fisher in Flames zone.
9:00 of 2nd period - Jason Spezza is hit by Mike Fisher and loses puck.
9:08 of 2nd period - Mike Fisher is hit by Jaroslav Spacek and loses puck.
9:20 of 2nd period - Icing by Jay Bouwmeester.
9:21 of 2nd period - Jason Spezza wins face-off versus John Tavares in Senators zone.
9:33 of 2nd period - Marco Sturm is hit by Jaroslav Spacek and loses puck.
9:36 of 2nd period - Shot by Marco Sturm.
9:36 of 2nd period - Shot Misses the Net.
9:38 of 2nd period - Shot by Keith Tkachuk.
9:38 of 2nd period - Stopped by Carey Price with a rebound.
9:40 of 2nd period - Shot by Alex Steen.
9:40 of 2nd period - Shot Misses the Net.
9:42 of 2nd period - Shot by Marco Sturm.
9:42 of 2nd period - Stopped by Carey Price with a rebound.
9:44 of 2nd period - Shot by Erik Johnson.
9:44 of 2nd period - Stopped by Carey Price without a rebound.
9:45 of 2nd period - Sidney Crosby wins face-off versus Sam Gagner in Senators zone.
9:45 of 2nd period - Sidney Crosby is hit by Matt Cullen.
9:54 of 2nd period - Pierre-Marc Bouchard is hit by Dion Phaneuf and loses puck.
10:05 of 2nd period - Shot by Pierre-Marc Bouchard.
10:05 of 2nd period - Deflect By Sam Gagner.
10:05 of 2nd period - Shot Misses the Net.
10:07 of 2nd period - Shot by Sam Gagner.
10:07 of 2nd period - Stopped by Carey Price without a rebound.
10:08 of 2nd period - David Jones wins face-off versus Joffrey Lupul in Senators zone.
10:08 of 2nd period - David Jones is hit by Mike Fisher.
10:11 of 2nd period - Icing by Daniel Briere.
10:12 of 2nd period - Mike Fisher wins face-off versus Jordan Staal in Senators zone.
10:33 of 2nd period - Shot by Daniel Briere.
10:33 of 2nd period - Shot Blocked by Mark Streit.
10:50 of 2nd period - Icing by Karlis Skrastins.
10:51 of 2nd period - Ryan Potulny wins face-off versus David Jones in Senators zone.
10:51 of 2nd period - Rob Schremp is hit by Karlis Skrastins and loses puck.
11:28 of 2nd period - Shot by Chris Stewart.
11:28 of 2nd period - Shot Misses the Net.
11:32 of 2nd period - Shot by Chris Stewart.
11:32 of 2nd period - Shot Misses the Net.
11:36 of 2nd period - Shot by Thomas Vanek.
11:36 of 2nd period - Stopped by Miikka Kiprusoff without a rebound.
11:37 of 2nd period - Jason Spezza wins face-off versus John Tavares in Flames zone.
12:28 of 2nd period - Icing by Erik Johnson.
12:29 of 2nd period - Jordan Staal wins face-off versus John Tavares in Flames zone.
13:12 of 2nd period - Shot by Alex Steen.
13:12 of 2nd period - Stopped by Carey Price with a rebound.
13:16 of 2nd period - Shot by Alex Steen.
13:16 of 2nd period - Shot Misses the Net.
13:31 of 2nd period - Minor Penalty to Rostislav Olesz for Diving.
13:31 of 2nd period - Minor Penalty to Sidney Crosby for Hooking.
13:32 of 2nd period - Thomas Vanek wins face-off versus John Tavares in neutral zone.
14:09 of 2nd period - Shot by Thomas Vanek.
14:09 of 2nd period - Shot Misses the Net.
15:09 of 2nd period - Minor Penalty to Alex Steen for Tripping.
15:10 of 2nd period - Matt Cullen wins face-off versus Daniel Briere in Flames zone.
15:35 of 2nd period - Shot by Chris Stewart.
15:35 of 2nd period - Shot Misses the Net.
15:37 of 2nd period - Shot by Sidney Crosby.
15:37 of 2nd period - Shot Misses the Net.
15:41 of 2nd period - Shot by Thomas Vanek.
15:41 of 2nd period - Shot Blocked by Joffrey Lupul.
15:45 of 2nd period - Shot by Alexandre Burrows.
15:45 of 2nd period - Goal by Alexandre Burrows - Senators : 4 - Flames : 1.
15:45 of 2nd period - Rick Dipietro enters game.
15:46 of 2nd period - David Steckel wins face-off versus Ryan Potulny in neutral zone.
15:55 of 2nd period - Icing by Zach Bogosian.
15:56 of 2nd period - Ryan Potulny wins face-off versus Jordan Staal in Flames zone.
15:56 of 2nd period - Ryan Potulny is hit by Daniel Briere.
15:59 of 2nd period - Zach Bogosian is hit by Jordan Staal and loses puck.
16:33 of 2nd period - Marco Sturm is hit by Paul Mara and loses puck.
17:16 of 2nd period - Shot by Erik Johnson.
17:16 of 2nd period - Stopped by Carey Price without a rebound.
17:17 of 2nd period - Sidney Crosby wins face-off versus Mike Fisher in Senators zone.
17:26 of 2nd period - Shot by Dion Phaneuf.
17:26 of 2nd period - Deflect By Sidney Crosby.
17:26 of 2nd period - Shot Misses the Net.
18:06 of 2nd period - Shot by Rostislav Olesz.
18:06 of 2nd period - Shot Blocked by Dion Phaneuf.
18:39 of 2nd period - Minor Penalty to Alexandre Burrows for Goalie Interference.
18:40 of 2nd period - Alex Steen wins face-off versus Jordan Staal in Senators zone.
18:57 of 2nd period - Shot by Mark Streit.
18:57 of 2nd period - Shot Misses the Net.
19:47 of 2nd period - Icing by Zach Bogosian.
19:48 of 2nd period - Jordan Staal wins face-off versus Mike Fisher in Flames zone.

Period #3

0:01 of 3rd period - Jordan Staal wins face-off versus John Tavares in neutral zone.
0:06 of 3rd period - Icing by Alex Steen.
0:07 of 3rd period - John Tavares wins face-off versus David Steckel in Flames zone.
0:12 of 3rd period - Shot by Joffrey Lupul.
0:12 of 3rd period - Stopped by Carey Price without a rebound.
0:13 of 3rd period - Jordan Staal wins face-off versus Mike Fisher in Senators zone.
0:22 of 3rd period - David Steckel is hit by Mike Fisher and loses puck.
0:35 of 3rd period - Shot by Erik Johnson.
0:35 of 3rd period - Shot Misses the Net.
0:39 of 3rd period - Shot by Mike Fisher.
0:39 of 3rd period - Stopped by Carey Price without a rebound.
0:40 of 3rd period - Ryan Potulny wins face-off versus Jason Spezza in Senators zone.
0:40 of 3rd period - Ryan Potulny is hit by Jaroslav Spacek.
0:44 of 3rd period - Shot by Rostislav Olesz.
0:44 of 3rd period - Stopped by Carey Price without a rebound.
0:45 of 3rd period - Sidney Crosby wins face-off versus Rostislav Olesz in Senators zone.
0:57 of 3rd period - Shot by Rob Schremp.
0:57 of 3rd period - Stopped by Carey Price without a rebound.
0:58 of 3rd period - Daniel Briere wins face-off versus Mike Fisher in Senators zone.
1:04 of 3rd period - Icing by Mike Fisher.
1:05 of 3rd period - Mike Fisher wins face-off versus Jason Spezza in Flames zone.
1:15 of 3rd period - Alexandre Burrows is hit by Jack Johnson.
1:29 of 3rd period - Shot by Alex Steen.
1:29 of 3rd period - Shot Misses the Net.
1:41 of 3rd period - Shot by Alexandre Burrows.
1:41 of 3rd period - Stopped by Rick Dipietro without a rebound.
1:42 of 3rd period - Matt Cullen wins face-off versus Thomas Vanek in Flames zone.
1:55 of 3rd period - Josh Gorges is hit by Sidney Crosby and loses puck.
2:05 of 3rd period - Icing by Zach Bogosian.
2:06 of 3rd period - Jordan Staal wins face-off versus Matt Cullen in Flames zone.
2:51 of 3rd period - Daniel Briere is hit by Keith Tkachuk and loses puck.
3:11 of 3rd period - Icing by Jordan Staal.
3:12 of 3rd period - Mike Fisher wins face-off versus Jordan Staal in Senators zone.
3:30 of 3rd period - Off-side.
3:31 of 3rd period - Sidney Crosby wins face-off versus Ryan Potulny in neutral zone.
3:48 of 3rd period - Shot by Ryan Potulny.
3:48 of 3rd period - Stopped by Carey Price without a rebound.
3:49 of 3rd period - Mike Fisher wins face-off versus Jason Spezza in Senators zone.
3:53 of 3rd period - Minor Penalty to Mike Fisher for Roughing.
3:53 of 3rd period - Minor Penalty to Jay Bouwmeester for Holding.
3:54 of 3rd period - Jason Spezza wins face-off versus John Tavares in Senators zone.
4:37 of 3rd period - Icing by Jason Spezza.
4:38 of 3rd period - Jason Spezza wins face-off versus Pierre-Marc Bouchard in Senators zone.
4:59 of 3rd period - Shot by Joffrey Lupul.
4:59 of 3rd period - Shot Misses the Net.
5:01 of 3rd period - Shot by Joffrey Lupul.
5:01 of 3rd period - Shot Blocked by Daniel Briere.
5:05 of 3rd period - Shot by Erik Johnson.
5:05 of 3rd period - Shot Misses the Net.
5:07 of 3rd period - Shot by Jack Johnson.
5:07 of 3rd period - Stopped by Carey Price without a rebound.
5:08 of 3rd period - Sidney Crosby wins face-off versus John Tavares in Senators zone.
5:08 of 3rd period - Sidney Crosby is hit by Alex Steen.
6:07 of 3rd period - Shot by Patrick Eaves.
6:07 of 3rd period - Shot Misses the Net.
6:09 of 3rd period - Shot by David Steckel.
6:09 of 3rd period - Deflect By Patrick Dwyer.
6:09 of 3rd period - Shot Misses the Net.
6:50 of 3rd period - Minor Penalty to Jack Johnson for Hooking.
6:51 of 3rd period - Sidney Crosby wins face-off versus Mike Fisher in Flames zone.
7:01 of 3rd period - Shot by Alexandre Burrows.
7:01 of 3rd period - Stopped by Rick Dipietro with a rebound.
7:03 of 3rd period - Shot by Alexandre Burrows.
7:03 of 3rd period - Shot Misses the Net.
7:05 of 3rd period - Shot by Filip Kuba.
7:05 of 3rd period - Stopped by Rick Dipietro without a rebound.
7:06 of 3rd period - Mike Fisher wins face-off versus Jason Spezza in Flames zone.
7:15 of 3rd period - Shot by Dion Phaneuf.
7:15 of 3rd period - Shot Misses the Net.
8:10 of 3rd period - Icing by Filip Kuba.
8:11 of 3rd period - Sidney Crosby wins face-off versus Matt Cullen in Senators zone.
8:11 of 3rd period - Sidney Crosby is hit by Rostislav Olesz.
8:21 of 3rd period - Zach Bogosian is hit by Alexandre Burrows and loses puck.
8:40 of 3rd period - Shot by Jason Spezza.
8:40 of 3rd period - Stopped by Rick Dipietro without a rebound.
8:41 of 3rd period - Jason Spezza wins face-off versus Pierre-Marc Bouchard in Flames zone.
8:42 of 3rd period - Shot by Chris Stewart.
8:42 of 3rd period - Shot Misses the Net.
8:44 of 3rd period - Shot by Jason Spezza.
8:44 of 3rd period - Shot Blocked by Zach Bogosian.
8:46 of 3rd period - Shot by Jaroslav Spacek.
8:46 of 3rd period - Stopped by Rick Dipietro with a rebound.
8:48 of 3rd period - Shot by Jason Spezza.
8:48 of 3rd period - Shot Blocked by Josh Gorges.
8:50 of 3rd period - Shot by Dion Phaneuf.
8:50 of 3rd period - Shot Misses the Net.
9:11 of 3rd period - Shot by Ryan Potulny.
9:11 of 3rd period - Shot Misses the Net.
10:10 of 3rd period - Shot by Sidney Crosby.
10:10 of 3rd period - Shot Blocked by Jack Johnson.
10:12 of 3rd period - Shot by Dion Phaneuf.
10:12 of 3rd period - Goal by Dion Phaneuf - Senators : 5 - Flames : 1.
10:13 of 3rd period - Matt Cullen wins face-off versus Jordan Staal in neutral zone.
12:25 of 3rd period - Icing by Josh Gorges.
12:26 of 3rd period - Ryan Potulny wins face-off versus David Steckel in Flames zone.
13:27 of 3rd period - Shot by Chris Stewart.
13:27 of 3rd period - Shot Misses the Net.
13:31 of 3rd period - Shot by Chris Stewart.
13:31 of 3rd period - Goal by Chris Stewart - Senators : 6 - Flames : 1.
13:32 of 3rd period - Jordan Staal wins face-off versus Matt Cullen in neutral zone.
13:42 of 3rd period - Off-side.
13:43 of 3rd period - Jason Spezza wins face-off versus Mike Fisher in neutral zone.
13:43 of 3rd period - Jason Spezza is hit by Mike Fisher.
13:49 of 3rd period - Icing by Alex Steen.
13:50 of 3rd period - Jason Spezza wins face-off versus Mike Fisher in Flames zone.
14:56 of 3rd period - Marco Sturm is hit by Paul Mara and loses puck.
15:53 of 3rd period - Dion Phaneuf is hit by Ryan Potulny and loses puck.
16:22 of 3rd period - Shot by Jason Spezza.
16:22 of 3rd period - Stopped by Rick Dipietro without a rebound.
16:23 of 3rd period - Mike Fisher wins face-off versus David Steckel in Flames zone.
16:32 of 3rd period - Patrick Eaves is hit by Mike Fisher and loses puck.
17:01 of 3rd period - Icing by Zach Bogosian.
17:02 of 3rd period - Jason Spezza wins face-off versus Mike Fisher in Flames zone.
17:14 of 3rd period - Alex Steen is hit by Jay Bouwmeester and loses puck.
17:47 of 3rd period - Shot by John Tavares.
17:47 of 3rd period - Shot Blocked by Jaroslav Spacek.
17:51 of 3rd period - Shot by Jack Johnson.
17:51 of 3rd period - Stopped by Carey Price without a rebound.
17:52 of 3rd period - Ryan Potulny wins face-off versus Sidney Crosby in Senators zone.
17:53 of 3rd period - Shot by Rob Schremp.
17:53 of 3rd period - Shot Blocked by Dion Phaneuf.
18:08 of 3rd period - Off-side.
18:09 of 3rd period - John Tavares wins face-off versus Jordan Staal in neutral zone.
18:28 of 3rd period - Shot by Marco Sturm.
18:28 of 3rd period - Shot Misses the Net.
18:30 of 3rd period - Shot by Keith Tkachuk.
18:30 of 3rd period - Goal by Keith Tkachuk - Senators : 6 - Flames : 2.
18:31 of 3rd period - Mike Fisher wins face-off versus Sidney Crosby in neutral zone.
18:38 of 3rd period - Shot by Alex Steen.
18:38 of 3rd period - Shot Misses the Net.
18:40 of 3rd period - Shot by Mark Streit.
18:40 of 3rd period - Deflect By Mike Fisher.
18:40 of 3rd period - Shot Blocked by Dion Phaneuf.
18:42 of 3rd period - Shot by Mike Fisher.
18:42 of 3rd period - Shot Blocked by Filip Kuba.
18:44 of 3rd period - Shot by Mike Fisher.
18:44 of 3rd period - Shot Blocked by Dion Phaneuf.
18:46 of 3rd period - Shot by Jack Johnson.
18:46 of 3rd period - Stopped by Carey Price without a rebound.
18:47 of 3rd period - Sidney Crosby wins face-off versus Matt Cullen in Senators zone.
18:55 of 3rd period - Shot by Sidney Crosby.
18:55 of 3rd period - Goal by Sidney Crosby - Senators : 7 - Flames : 2.
18:55 of 3rd period - Miikka Kiprusoff enters game.
18:56 of 3rd period - Jordan Staal wins face-off versus Ryan Potulny in neutral zone.
19:05 of 3rd period - Jordan Staal is hit by Rostislav Olesz and loses puck.
19:16 of 3rd period - Shot by Ryan Potulny.
19:16 of 3rd period - Shot Hit the Post.
19:18 of 3rd period - Shot by Ryan Potulny.
19:18 of 3rd period - Shot Misses the Net.
19:20 of 3rd period - Shot by Rostislav Olesz.
19:20 of 3rd period - Stopped by Carey Price without a rebound.
19:21 of 3rd period - Sidney Crosby wins face-off versus John Tavares in Senators zone.
19:47 of 3rd period - Shot by Chris Stewart.
19:47 of 3rd period - Stopped by Miikka Kiprusoff without a rebound.
19:48 of 3rd period - Jason Spezza wins face-off versus Mike Fisher in Flames zone.
19:48 of 3rd period - Jason Spezza is hit by Mark Streit.
19:56 of 3rd period - Shot by Alexandre Burrows.
19:56 of 3rd period - Shot Misses the Net.


Output by the SimonT Hockey Simulator (STHS) for Stephane Roy -- Original Page W3C XHTML 1.0 Valid